AoeStats
← sr don dr

Arabia

508779797Analyzed
2v2 RM · 7d ago on Sep 24, 2026· 46m 33s· 4 players
Game mode
Random Map
Map size
Medium (4 player)
Population
200
Speed
Normal
Resources
Standard
Victory
Conquest
Starting age
Dark Age
Ending age
Imperial Age
RankedLock teamsTeams togetherTeam positionsShared explorationLock speedFull tech treeHidden civsTurbo modeCheats
Victory
Defeat
🇨🇦 Japanese · Canada
1003
+12
🇨🇴 Poles · Colombia
824
+21
🇧🇷 Vietnamese · Brazil
926
-37
🇨🇴 Magyars · Colombia
903
-38
Espejovsky
12:25 Feudal Age
19:35 Fletching
19:45 Padded Archer Armor
19:57 Forging
19:48 Scale Mail Armor
19:53 Scale Barding Armor
19:11 Man-at-Arms
23:33 Bloodlines
27:23 Castle Age
27:37 Elite Skirmisher
29:11 Bodkin Arrow
30:46 Leather Archer Armor
33:28 Husbandry
32:49 Light Cavalry
33:19 Pikeman
33:22 Long Swordsman
34:05 Squires
37:33 Szlachta Privileges
38:58 Iron Casting
38:44 Chain Barding Armor
39:21 Thumb Ring
42:38 Pikeman
Nicolashija14
6:48 Loom
9:00 Feudal Age
10:00 Double-Bit Axe
10:32 Man-at-Arms
12:35 Arson
23:02 Forging
25:02 Scale Mail Armor
28:59 Castle Age
29:03 Long Swordsman
29:04 Pikeman
29:44 Squires
29:30 Gambesons
36:20 Wheelbarrow
35:31 Town Watch
37:32 Fletching
rsegoviab
7:28 Loom
9:41 Feudal Age
10:10 Double-Bit Axe
14:39 Fletching
22:20 Castle Age
20:44 Horse Collar
21:44 Padded Archer Armor
22:31 Crossbowman
23:08 Gold Mining
24:17 Bow Saw
26:26 Wheelbarrow
26:47 Town Watch
28:29 Hand Cart
29:37 Town Patrol
30:02 Thumb Ring
30:46 Elite Skirmisher
33:22 Bodkin Arrow
33:43 Leather Archer Armor
37:08 Imperial Age
35:18 Squires
38:53 Two-Man Saw
38:25 Paper Money
39:10 Chemistry
38:31 Ballistics
37:37 Arbalester
40:11 Bracer
46:43 Heavy Plow
sr don dr
11:57 Feudal Age
12:32 Double-Bit Axe
22:08 Man-at-Arms
23:18 Scale Mail Armor
30:25 Scale Barding Armor
Connection lost

Rejoining the realm…

Still unreachable

The connection could not be restored.

Session expired

The server has moved on; the page needs a fresh start.